Cogmind - Beta 12 @@@ ROGUE MODE // 2023.03.23 @ 06:00:10 Player: maxwell Result: Destroyed by as-82793 with Assembled Rifle Performance ------------- Evolutions (0) 0 Regions Visited (2) 400 Robots Destroyed (25) 125 Value Destroyed (593) 593 Prototype IDs (1) 20 Alien Tech Used (0) 0 Bonus (0) 0 TOTAL SCORE: 1138 Bonus ------- None Cogmind --------- Core Integrity 0/250 Matter 241/300 Energy 99/100 System Corruption 0% Temperature Cool (0) Movement Core (50) Location -10/Mines Parts ------- > --- POWER (1) -------- (None) > --- PROPULSION (2) --- (None) > --- UTILITY (2) ------ (None) > --- WEAPON (2) ------- (None) > --- INVENTORY (5) ---- Machine Analyzer Propulsion Shielding Light Armor Plating Beam Rifle Hammer Peak State ------------ > --- POWER ------------ Improved Ion Engine > --- PROPULSION ------- Light Treads Light Treads > --- UTILITY ---------- Huge Storage Unit Light Armor Plating > --- WEAPON ----------- Improved EM Shotgun Improved EM Shotgun > --- INVENTORY -------- Light Treads Light Treads Light Treads Huge Storage Unit Machine Analyzer Propulsion Shielding Propulsion Shielding Propulsion Shielding Light Armor Plating Light Armor Plating Light Armor Plating Light Armor Plating Light Armor Plating Light Armor Plating Light Armor Plating Light Armor Plating Improved EM Shotgun Beam Rifle Beam Rifle Beam Rifle Beam Rifle Hammer [Rating: 15] Favorites ----------- Power Improved Ion Engine Engine Improved Ion Engine Propulsion Light Treads Treads Light Treads Utility Light Armor Plating Storage Huge Storage Unit Protection Light Armor Plating Weapon Improved EM Shotgun Energy Gun Improved EM Shotgun Ballistic Gun Light Assault Rifle Ballistic Cannon Flak Cannon Build | -11 -10 -10 ------- Run | Jun Mat Min Slots Evolved . | . . . Power . | . . . Propulsion . | . . . Utility . | . . . Weapon . | . . . Parts Attached 19 | 6 7 6 Power 2 | 1 1 . Engine 2 | 1 1 . Core . | . . . Reactor . | . . . Propulsion 6 | 2 1 3 Treads 6 | 2 1 3 Leg . | . . . Wheel . | . . . Hover . | . . . Flight . | . . . Utility 5 | 1 3 1 Device . | . . . Storage 3 | 1 2 . Processor . | . . . Hackware . | . . . Protection 2 | . 1 1 Artifact . | . . . Weapon 6 | 2 2 2 Energy Gun 3 | . 2 1 Energy Cannon . | . . . Ballistic Gun 2 | 2 . . Ballistic Cannon 1 | . . 1 Launcher . | . . . Special Weapon . | . . . Impact Weapon . | . . . Slashing Weapon . | . . . Piercing Weapon . | . . . Special Melee Weapon . | . . . Unidentified Prototypes 1 | . 1 . Parts Lost 8 | . . 8 Power 1 | . . 1 Propulsion 3 | . . 3 Utility 2 | . . 2 Weapon 2 | . . 2 Highest Loss Streak 7 | . . 7 To Critical Strikes . | . . . Average Slot Usage (%) 95 | . 96 94 Engine 13 | . 14 12 Treads 27 | . 28 27 Storage 13 | . 14 13 Protection 11 | . 10 12 Energy Gun 26 | . 26 25 Ballistic Gun 1 | . 1 . Naked Turns 6 | . . 6 Heaviest Build 96 | 11 96 96 Greatest Support 40 | 40 40 40 Greatest Overweight (x) 2 | . 2 2 Average Overweight (x) . | . . 1 Largest Inventory Capacity 25 | 8 25 25 Average Capacity 17 | 6 14 24 Most Carried 24 | . 22 24 Average Carried 14 | . 11 22 Final Capacity 25 | 8 25 5 Final Carried 22 | . 22 5 Class Distribution -------------------- 100% | Mutant Dominant Class ---------------- Mutant | -10/Materials Mutant | -10/Mines Resources | -11 -10 -10 ----------- Run | Jun Mat Min Matter Collected 353 | 201 141 11 Remotely . | . . . Salvage Created 899 | . 673 226 Parts 54 | . 48 6 Haulers Intercepted 2 | . 2 . Recyclers Shooed 1 | . 1 . Parts Field Recycled . | . . . Retrieved Matter . | . . . Parts Self-Destructed . | . . . Prevented . | . . . Kills | -11 -10 -10 ------- Run | Jun Mat Min Combat Hostiles Destroyed 20 | . 13 7 Guns 17 | . 13 4 Cannons 2 | . . 2 Classes Destroyed 8 | . 6 2 Builder 1 | . 1 . Hauler 2 | . 2 . Mechanic 1 | . 1 . Watcher 3 | . 3 . Swarmer 6 | . 6 . Grunt 11 | . 7 4 Demolisher 1 | . . 1 Assembled 2 | . . 2 Best Kill Streak 6 | . 6 2 Combat Bots Only 5 | . 5 2 Max Kills in Single Turn 1 | . 1 1 Gunslinging . | . . . Exploded . | . . . Melee . | . . . Uniques/NPCs Destroyed . | . . . Combat | -11 -10 -10 -------- Run | Jun Mat Min Damage Taken 1383 | . 463 920 Core 260 | . 81 179 Absorbed by Shields . | . . . Core Remaining (%) 100 | 100 . . Volleys Fired 53 | . 37 16 Largest 2 | . 2 2 Hottest 90 | . 90 90 Shots Fired 101 | . 74 27 Gun 96 | . 74 22 Cannon 5 | . . 5 Launcher . | . . . Special . | . . . Kinetic 11 | . 6 5 Thermal . | . . . Explosive . | . . . Electromagnetic 90 | . 68 22 Robot Hit Streak 12 | . 9 12 Robot Miss Streak 11 | . 11 3 Penetration Max . | . . . Secondary Targets 1 | . 1 . Max Gunslinging Chain 1 | . 1 . Shots Hit Robots 70 | . 45 25 Core Hits 48 | . 32 16 Critical Kills . | . . . Critical Parts Destroyed . | . . . Critical Strikes . | . . . Melee Attacks . | . . . Impact . | . . . Slashing . | . . . Piercing . | . . . Sneak Attacks . | . . . Combat Hostiles . | . . . Follow-up Attacks . | . . . Damage Inflicted 1194 | . 805 389 Guns 1095 | . 759 336 Cannons 53 | . . 53 Explosions 43 | . 43 . Melee . | . . . Ramming 3 | . 3 . Kinetic 94 | . 41 53 Thermal 43 | . 43 . Explosive . | . . . Electromagnetic 1054 | . 718 336 Impact . | . . . Slashing . | . . . Piercing . | . . . Highest Corruption . | . . . Average Corruption . | . . . Corruption Purged . | . . . Corruption Blocked . | . . . Overload Shots . | . . . Overflow Damage . | . . . Projectiles . | . . . Explosions . | . . . Melee . | . . . Knockbacks 2 | . . 2 Impact . | . . . Kinetic 2 | . . 2 Secondary . | . . . Self-Inflicted Damage 23 | . 23 . Shots 1 | . 1 . Rammed 3 | . 2 1 Targets Rammed 4 | . 3 1 Kicked . | . . . Crushed 1 | . 1 . Highest Temperature 269 | . 228 269 Average Temperature 77 | . 67 106 Received Heat Transfer 231 | . 156 75 Siege Activations . | . . . Robots Corrupted 1 | . . 1 Combat Hostiles 1 | . . 1 Parts Fried 3 | . 2 1 Impact Corruptions . | . . . Robots Melted . | . . . Combat Hostiles . | . . . Parts Melted . | . . . Heat Transferred 50 | . 50 . Parts Sabotaged . | . . . Parts Stolen . | . . . Parts Stripped . | . . . Power Chain Reactions 1 | . 1 . Missiles Intercepted . | . . . Alert | -11 -10 -10 ------- Run | Jun Mat Min Peak Influence 197 | . 197 100 Initial . | . . . Average 69 | . 82 43 Maximum Alert Level . | . . . Low Security (%) 100 | 100 100 100 Level 1 . | . . . Level 2 . | . . . Level 3 . | . . . Level 4 . | . . . Level 5 . | . . . High Security . | . . . Max Security . | . . . Squads Dispatched 4 | . 3 1 Investigation 3 | . 2 1 Extermination . | . . . Reinforcement 1 | . 1 . Assault . | . . . Garrison . | . . . Intercept . | . . . Searches Triggered . | . . . Construction Impeded . | . . . Haulers Reinforced . | . . . Active Scanning Responses . | . . . Cargo Convoy Interrupts . | . . . Stealth | -11 -10 -10 --------- Run | Jun Mat Min Distress Signals 1 | . 1 . Communications Jammed . | . . . Distress Signals . | . . . Times Spotted 44 | . 18 26 Peak Tracking Total 9 | . 4 9 Tactical Retreats 2 | . . 2 Traps | -11 -10 -10 ------- Run | Jun Mat Min Traps Triggered 2 | . 2 . Indirectly . | . . . Trap Hack Attempts . | . . . Triggered . | . . . Disarmed . | . . . Reprogrammed . | . . . Reused . | . . . Traps Extracted . | . . . Installed . | . . . Triggered . | . . . Machines | -11 -10 -10 ---------- Run | Jun Mat Min Machines Disabled 1 | . 1 . Max in Single Turn 1 | . 1 . Machines Repaired . | . . . Machines Sabotaged . | . . . Overloaded Fab Kills . | . . . Hacking | -11 -10 -10 --------- Run | Jun Mat Min Machines Accessed 9 | . 8 1 Terminals 6 | . 6 . Fabricators . | . . . Repair Stations . | . . . Recycling Units 2 | . 2 . Scanalyzers . | . . . Garrison Access . | . . . Total Hacks 20 | . 19 1 Successful 9 | . 8 1 Failed 10 | . 10 . Catastrophic . | . . . Database Lockouts 1 | . 1 . Manual 19 | . 19 . Terminals 16 | . 16 . Fabricators . | . . . Repair Stations . | . . . Recycling Units 3 | . 3 . Scanalyzers . | . . . Garrison Access . | . . . Terminal Hacks 5 | . 4 1 Robot Analysis 3 | . 3 . Open Door 1 | . . 1 Terminal Index 1 | . 1 . Fabricator Hacks . | . . . Repair Station Hacks . | . . . Recycling Unit Hacks . | . . . Scanalyzer . | . . . Garrison Access Hacks . | . . . Unauthorized Hacks 4 | . 4 . Terminals 2 | . 2 . Botnet 1 | . 1 . Operators 1 | . 1 . Fabricators . | . . . Repair Stations . | . . . Recycling Units 2 | . 2 . Tunnel 2 | . 2 . Scanalyzers . | . . . Garrison Access . | . . . Data Cores Recovered . | . . . Used . | . . . Hacking Detections 6 | . 6 . Full Trace Events . | . . . Feedback Events . | . . . Feedback Blocked . | . . . Robot Schematics Acquired . | . . . Robots Built . | . . . Authchips . | . . . Time . | . . . Total Robot Build Rating . | . . . Part Schematics Acquired . | . . . Parts Built . | . . . Authchips . | . . . Time . | . . . Total Part Build Rating . | . . . Parts Repaired . | . . . Time . | . . . Parts Recycled . | . . . Recycled Matter . | . . . Retrieved Matter . | . . . Retrieved Components . | . . . Parts Scanalyzed . | . . . Part Schematics Acquired . | . . . Parts Damaged . | . . . Bothacking | -11 -10 -10 ------------ Run | Jun Mat Min Used RIF Installer . | . . . Robots Hacked . | . . . Non-combat . | . . . Combat . | . . . Robot Hacks Applied . | . . . Relay Couplers Released . | . . . Fabnet Peak Effective % . | . . . Robots Rewired . | . . . Allies Hacked . | . . . Hacks Repelled . | . . . Allies | -11 -10 -10 -------- Run | Jun Mat Min Total Allies . | . . . Largest Group . | . . . Highest-Rated Group . | . . . Highest-Rated Ally . | . . . Total Orders . | . . . Ally Attacks . | . . . Total Damage . | . . . Kills . | . . . Allies Corrupted . | . . . Allies Melted . | . . . Intel | -11 -10 -10 ------- Run | Jun Mat Min Robot Analysis Total 3 | . 3 . Derelict Logs Recovered . | . . . Drone Launches . | . . . Drone Recoveries . | . . . Exploration | -11 -10 -10 ------------- Run | Jun Mat Min Turns Passed 2383 | 61 1639 683 Spaces Moved 980 | 36 738 206 Core 17 | 4 . 13 Treads 963 | 32 738 193 Legs . | . . . Wheels . | . . . Hover . | . . . Flight . | . . . Fastest Speed 50 | 50 160 50 Average Speed 219 | 147 199 302 Slowest Speed 320 | 160 320 320 Overloaded Moves . | . . . Propulsion Burnouts . | . . . Robots Hopped . | . . . Cave-ins Triggered . | . . . Exploration Rate (%) 45 | 3 97 36 Regions Visited 2 Branch Regions 1 Pre-discovered Areas 2 | . 2 . Known Exits Taken . | . . . Unknown Exits Taken 2 | 1 1 . Scrap Searched 1 | . . 1 Spaces Dug . | . . . Terrain Destroyed 2 | . 2 . Melee . | . . . Projectile . | . . . AOE 2 | . 2 . Terrain Rammed . | . . . Walls Destroyed . | . . . Machines Disabled . | . . . Actions | -11 -10 -10 --------- Run | Jun Mat Min Total 1108 | 41 832 235 Wait 17 | . 14 3 Move 978 | 35 737 206 Hop . | . . . Pick Up 28 | . 25 3 Fast Attach 11 | 6 5 . Attach 5 | . . 5 Detach 1 | . 1 . Swap 3 | . 2 1 Drop 8 | . 8 . Fire 53 | . 37 16 Melee . | . . . Ram . | . . . Kick . | . . . Crush 4 | . 3 1 Escape Stasis . | . . . Rewire . | . . . Trap . | . . . Miscellaneous . | . . . Route ------- -11/Junkyard -10/Materials (discovered 4 exits: [*Mat x3] / *Min) -10/Mines (discovered 1 exit: [*Mat]) History --------- Turn | Location | Event 18 | -11/Junkyard | Discovered new exit (range 16) 62 | -11/Junkyard | Entered Materials 303 | -10/Materials | Build established: Mutant 444 | -10/Materials | Discovered new exit (range 16) 559 | -10/Materials | Discovered new exit (range 9) 867 | -10/Materials | Discovered new exit (range 15) 890 | -10/Materials | Central database locked down 1009 | -10/Materials | Discovered new exit (range 5) 1701 | -10/Materials | Entered Mines 1710 | -10/Mines | Core integrity fell below 50% 1884 | -10/Mines | Discovered new exit (range 6) 1914 | -10/Mines | Met a Derelict shopkeep closing up shop 2284 | -10/Mines | Assembled infested the area 2378 | -10/Mines | Released all parts (4) 2379 | -10/Mines | Core integrity fell below 20% 2383 | -10/Mines | Lost 7 parts (1p3n2u1w) 2384 | -10/Mines | Destroyed by as-82793 with Assembled Rifle Last Messages --------------- 02340_ The unstable cave ceiling collapses. 02340_ U-05 Engineer lays Concrete. 02342_ U-05 Engineer builds a Wall. 02342_ U-05 Engineer lays Concrete. 02344_ U-05 Engineer destroyed. 02347_ U-05 Engineer lays Concrete. 02348_ U-05 Engineer builds a Wall. 02348_ U-05 Engineer destroyed. 02352_ as-26533 knocked back. 02352_ Lgt. Treads destroyed. 02359_ The unstable cave ceiling collapses. 02369_ as-26533 destroyed. 02377_ K-01 Serf collects debris. 02378_ Released Lgt. Treads. 02378_ Released Huge Storage Unit. 02378_ Released Flak Cannon. 02378_ K-01 Serf suffers critical hit (Destroy). 02378_ K-01 Serf destroyed. 02383_ T-07 Excavator system corrupted by crushing effect. 02383_ T-07 Excavator destroyed. Map ----- +----------------------------------------------------+ | ???????######??????########?????????????# | | ??????## ######## #######???????#%#### "" | | ?###### ## #???????# #??# "" | | ##""## ##### #???????# #??# "" | | #" = # ## ###???# #???????# #??# | | #"! # ### ##?????# #???????# #??# | | #" # #?# ######### #####???# #??#### | | #" ! # %# #### ####### #???# #?????? | | ##""##*%= ######????# % ##### #?????? | | ?#######% #?????# % ## ! #?????? | | ???????#= < ### #?????## % ### ## ####?????? | | ???????## ###?# #??????## #?# ## ##?????### | | ????????####???# #???????# #### # ##???## # | | ???????????????# #???????# ##### ##### # | | ???????????????# #???????# #?## ## # | | ???????????????# #???????# #?# # | | ???????????????# #???????# #?# =|* | | ???????????????# #???????# ### *! "%%=| | | ???????????????# #????#### ## ![]a%= !=%!! | | ???????????????# #????# !!aa[## *## | | ???????????????# #????# !!=!#### # | | ???????????????# #????## [[=!#??## # ## # | | ???????????????# #?????## ![!#???##### # # | | ???????????????# #?????## ## #???????###### | | ???????????????# ####### ## #????????????? | | ???????????????# @ ### #????????????? | | ???????????????# #?# #???????????? | | ???????????????##### #?# #???????????? | | ???????????????????## ## #???????????? | | ????????????????????## |% ##???????????? | | ?????????????????????## ###|!##????????????? | | ??????????????????????## ##?#%!#?????????????? | | ???????????????????????######??#*%$!????????????? | | ???????????????????????????????# ###???????????? | | ??????????????????????????????? #?????????????? | | ????????????????????????????????[=#?????????????? | | ?????????????????????????????????%??????????????? | | ????????????????????????????????????????????????? | | ????????????????????????????????????????????????? | | ????????????????????????????????????????????????? | | ????????????????????????????????????????????????? | | ????????????????????????????????????????????????? | | ????????????????????????????????????????????????? | | ????????????????????????????????????????????????? | | ????????????????????????????????????????????????? | | ????????????????????????????????????????????????? | | ????????????????????????????????????????????????? | | ????????????????????????????????????????????????? | | ????????????????????????????????????????????????? | | ????????????????????????????????????????????????? | +----------------------------------------------------+ Best States ------------- Heat Dissipation 25 Energy Generation 12 Energy Capacity 265 Matter Stores 300 Matter Capacity 300 Sight Range 16 Terrain Scan Density 10 Armor Coverage 150 Evasion (%) 50 Recoil Reduction 2 Item Schematics ----------------- None Robot Schematics ------------------ None Fabricated ------------ Nothing Alien Tech Used ----------------- None Achievements -------------- None Challenges ------------ None Game ------ Seed FocalMeleeShotgun Manual? 0 Play Time 00:09:16 Cumulative 290.6 hours Start 2023.03.22 @ 10:57:54 End 2023.03.23 @ 06:00:10 Sessions 3 Manual Loads 0 Difficulty Rogue Special Mode None Game No. 426 Rogue 403 Adventurer 4 Explorer 19 Win Type - Total 12 Types 10/0/0/2/0/0/0/0/0 Lore% 71 Gallery% 90 Achievement% 74 Wizard Run 0 Options --------- ASCII 0 Keyboard 1 Movement Numpad Keybinds 0 Fullscreen 2 Font 18/SmallcapsGlow Map View 76x50 Tactical HUD 1 Map Filters NONE Filters NONE Steam 1 RUN: bd5921c3-6c7b-464b-a877-dde778560b70